| TOP OF THE 1ST |
|
Buffalo Bisons batting - Pitching for Hartford Whalers : RHP Mike Thurman
|
|
Pitching: RHP Mike Thurman
|
|
|
Batting: RHB James Mouton
|
0-0: Ball 1-0: Called Strike 1-1: Foul Ball, location: 2F 1-2: Ball 2-2: Ground out 5-3 (Groundball, 5L, EV 84.4 MPH)
|
|
Batting: SHB Enrique Wilson
|
0-0: Ball 1-0: Foul Ball, location: 2F 1-1: Called Strike 1-2: Ball 2-2: Ball 3-2: SOLO HOME RUN (Flyball, 9D, EV 111.3 MPH), Distance : 351 ft
|
|
Batting: LHB Matt Stairs
|
0-0: Foul Ball, location: 2F 0-1: Ball 1-1: Called Strike 1-2: Ball 2-2: Strikes out swinging
|
|
Batting: RHB Kevin Young
|
0-0: Called Strike 0-1: Ball 1-1: Foul Ball, location: 2F 1-2: Ball 2-2: Foul Ball, location: 2F 2-2: Strikes out swinging
|
| Top of the 1st over - 1 run, 1 hit, 0 errors, 0 left on base; Buffalo 1 - Hartford 0 |
| BOTTOM OF THE 1ST |
|
Hartford Whalers batting - Pitching for Buffalo Bisons : RHP Shawn Boskie
|
|
Pitching: RHP Shawn Boskie
|
|
|
Batting: SHB Jason McDonald
|
0-0: Ball 1-0: Ball 2-0: Called Strike 2-1: Swinging Strike 2-2: Strikes out swinging
|
|
Batting: LHB Dave Hansen
|
0-0: Called Strike 0-1: Called Strike 0-2: Ball 1-2: Ground out 4-3 (Groundball, 4, EV 91.3 MPH)
|
|
Batting: RHB Alex Ochoa
|
0-0: Ball 1-0: Ball 2-0: Foul Ball, location: 2F 2-1: Ground out 1-3 (Groundball, P, EV 86.3 MPH)
|
| Bottom of the 1st over - 0 runs, 0 hits, 0 errors, 0 left on base; Buffalo 1 - Hartford 0 |
| TOP OF THE 2ND |
|
Buffalo Bisons batting - Pitching for Hartford Whalers : RHP Mike Thurman
|
|
Batting: RHB Eddie Zambrano
|
0-0: Ball 1-0: Foul Ball, location: 2F 1-1: Foul Ball, location: 2F 1-2: Fly out, F7 (Flyball, 7D, EV 81.3 MPH)
|
|
Batting: RHB Manny Martinez
|
0-0: Foul Ball, location: 2F 0-1: Hit by Pitch
|
|
Batting: RHB Tim Spehr
|
0-0: Ball 1-0: Grounds into double play, 1-6-3 (Groundball, 34S, EV 82.5 MPH)
|
| Top of the 2nd over - 0 runs, 0 hits, 0 errors, 0 left on base; Buffalo 1 - Hartford 0 |
| BOTTOM OF THE 2ND |
|
Hartford Whalers batting - Pitching for Buffalo Bisons : RHP Shawn Boskie
|
|
Batting: SHB Bobby Bonilla
|
0-0: Swinging Strike 0-1: Ball 1-1: Fly out, F8 (Flyball, 8LXD, EV 92.5 MPH)
|
|
Batting: LHB Rod Myers
|
0-0: Ball 1-0: Called Strike 1-1: Ball 2-1: Called Strike 2-2: Strikes out swinging
|
|
Batting: RHB Kevin Jordan
|
0-0: Ground out 5-3 (Groundball, 56S, EV 93.8 MPH)
|
| Bottom of the 2nd over - 0 runs, 0 hits, 0 errors, 0 left on base; Buffalo 1 - Hartford 0 |
| TOP OF THE 3RD |
|
Buffalo Bisons batting - Pitching for Hartford Whalers : RHP Mike Thurman
|
|
Batting: SHB David Howard
|
0-0: Foul Ball, location: 2F 0-1: Ball 1-1: Ball 2-1: Fly out, F8 (Line Drive, 8LM, EV 89.4 MPH)
|
|
Batting: RHB Robert Eenhoorn
|
0-0: Ball 1-0: Foul Ball, location: 2F 1-1: Ball 2-1: SINGLE (Line Drive, 6D, EV 97.5 MPH)
|
|
Batting: RHB James Mouton
|
0-0: Ball 1-0: Called Strike 1-1: Fielders Choice at 2nd, 2-6 (Groundball, 13S, EV 68.8 MPH)
|
|
Batting: SHB Enrique Wilson
|
0-0: Ball 1-0: Ball 2-0: Foul Ball, location: 2F 2-1: Ground out 3-1 (Groundball, 3, EV 90.0 MPH)
|
| Top of the 3rd over - 0 runs, 1 hit, 0 errors, 1 left on base; Buffalo 1 - Hartford 0 |
| BOTTOM OF THE 3RD |
|
Hartford Whalers batting - Pitching for Buffalo Bisons : RHP Shawn Boskie
|
|
Batting: RHB Ricky Gutierrez
|
0-0: Ball 1-0: Ball 2-0: Called Strike 2-1: Swinging Strike 2-2: Foul Ball, location: 2F 2-2: Ball 3-2: Fly out, F7 (Flyball, 7D, EV 87.5 MPH)
|
|
Batting: RHB Mike Matheny
|
0-0: Ball 1-0: Fly out, F9 (Flyball, 9, EV 92.5 MPH)
|
|
Batting: RHB Gary Disarcina
|
0-0: Ball 1-0: Called Strike 1-1: Ball 2-1: Foul Ball, location: 2F 2-2: Strikes out swinging
|
| Bottom of the 3rd over - 0 runs, 0 hits, 0 errors, 0 left on base; Buffalo 1 - Hartford 0 |
| TOP OF THE 4TH |
|
Buffalo Bisons batting - Pitching for Hartford Whalers : RHP Mike Thurman
|
|
Batting: LHB Matt Stairs
|
0-0: Called Strike 0-1: Hit by Pitch
|
|
Batting: RHB Kevin Young
|
0-0: Ball 1-0: Called Strike 1-1: Foul Ball, location: 2F 1-2: Foul Ball, location: 2F 1-2: Strikes out swinging
|
|
Batting: RHB Eddie Zambrano
|
0-0: Fly out, F7 (Flyball, 78XD, EV 106.9 MPH)
|
|
Batting: RHB Manny Martinez
|
0-0: Ball 1-0: Ball 2-0: Ground out 4-3 (Groundball, 4, EV 87.5 MPH)
|
| Top of the 4th over - 0 runs, 0 hits, 0 errors, 1 left on base; Buffalo 1 - Hartford 0 |
| BOTTOM OF THE 4TH |
|
Hartford Whalers batting - Pitching for Buffalo Bisons : RHP Shawn Boskie
|
|
Batting: SHB Jason McDonald
|
0-0: Foul Ball, location: 2F 0-1: Ball 1-1: Ball 2-1: Foul Ball, location: 2F 2-2: Ball 3-2: Ground out 4-3 (Groundball, 4MS, EV 86.9 MPH)
|
|
Batting: LHB Dave Hansen
|
0-0: Swinging Strike 0-1: Foul Ball, location: 2F 0-2: Ball 1-2: Ball 2-2: Ball 3-2: Foul Ball, location: 2F 3-2: TRIPLE (Line Drive, 7D, EV 98.1 MPH)
|
|
Batting: RHB Alex Ochoa
|
0-0: SINGLE (Groundball, 4M, EV 88.1 MPH) (infield hit) Dave Hansen scores
|
|
Batting: SHB Bobby Bonilla
|
0-0: Ball 1-0: Swinging Strike 1-1: 2-RUN HOME RUN (Flyball, 9LD, EV 90.6 MPH), Distance : 339 ft
|
|
Batting: LHB Rod Myers
|
0-0: SOLO HOME RUN (Line Drive, 9D, EV 99.4 MPH), Distance : 373 ft
|
|
Batting: RHB Kevin Jordan
|
0-0: Ball 1-0: Foul Ball, location: 2F 1-1: SINGLE (Flyball, 7LS, EV 91.3 MPH)
|
|
Batting: RHB Ricky Gutierrez
|
0-0: SINGLE (Line Drive, 8RS, EV 102.5 MPH) Kevin Jordan to second
|
|
Batting: RHB Mike Matheny
|
0-0: Ball 1-0: Foul Ball, location: 2F 1-1: Foul Ball, location: 2F 1-2: Foul Ball, location: 2F 1-2: Fly out, F8 (Flyball, 8RM, EV 94.4 MPH)
|
|
Batting: RHB Gary Disarcina
|
0-0: Foul Ball, location: 2F 0-1: Fly out, F9 (Flyball, 89M, EV 74.4 MPH)
|
| Bottom of the 4th over - 4 runs, 6 hits, 0 errors, 2 left on base; Buffalo 1 - Hartford 4 |
| TOP OF THE 5TH |
|
Buffalo Bisons batting - Pitching for Hartford Whalers : RHP Mike Thurman
|
|
Batting: RHB Tim Spehr
|
0-0: Ball 1-0: Foul Ball, location: 2F 1-1: Called Strike 1-2: DOUBLE (Flyball, 8RXD, EV 113.1 MPH)
|
|
Batting: SHB David Howard
|
0-0: Ball 1-0: Ball 2-0: Fly out, F9 (Flyball, 89M, EV 85.6 MPH)
|
|
Batting: RHB Robert Eenhoorn
|
0-0: Ball 1-0: Called Strike 1-1: Ball 2-1: Fly out, F9 (Line Drive, 9D, EV 91.9 MPH) Runner from 2nd tags up, SAFE at 3rd, no throw by RF
|
|
Batting: RHB James Mouton
|
0-0: Fly out, F8 (Flyball, 8LM, EV 97.5 MPH)
|
| Top of the 5th over - 0 runs, 1 hit, 0 errors, 1 left on base; Buffalo 1 - Hartford 4 |
| BOTTOM OF THE 5TH |
|
Hartford Whalers batting - Pitching for Buffalo Bisons : RHP Shawn Boskie
|
|
Batting: SHB Jason McDonald
|
0-0: Foul Ball, location: 2F 0-1: Called Strike 0-2: Ball 1-2: Foul Ball, location: 2F 1-2: Ball 2-2: Foul Ball, location: 2F 2-2: Ball 3-2: Fly out, F8 (Flyball, 8RXD, EV 105.0 MPH)
|
|
Batting: LHB Dave Hansen
|
0-0: Foul Ball, location: 2F 0-1: Ball 1-1: DOUBLE (Flyball, 8RXD, EV 104.4 MPH)
|
|
Batting: RHB Alex Ochoa
|
0-0: Called Strike 0-1: Foul Ball, location: 2F 0-2: Ball 1-2: Strikes out swinging
|
|
Batting: SHB Bobby Bonilla
|
0-0: Ball 1-0: Swinging Strike 1-1: Fly out, F7 (Flyball, 7, EV 81.3 MPH)
|
| Bottom of the 5th over - 0 runs, 1 hit, 0 errors, 1 left on base; Buffalo 1 - Hartford 4 |
| TOP OF THE 6TH |
|
Buffalo Bisons batting - Pitching for Hartford Whalers : RHP Mike Thurman
|
|
Batting: SHB Enrique Wilson
|
0-0: Called Strike 0-1: Ball 1-1: Ball 2-1: Swinging Strike 2-2: Strikes out swinging
|
|
Batting: LHB Matt Stairs
|
0-0: Ball 1-0: Foul Ball, location: 2F 1-1: Ball 2-1: Ball 3-1: Fly out, F7 (Flyball, 7S, EV 84.4 MPH)
|
|
Batting: RHB Kevin Young
|
0-0: Ball 1-0: Swinging Strike 1-1: Swinging Strike 1-2: Foul Ball, location: 2F 1-2: Strikes out looking
|
| Top of the 6th over - 0 runs, 0 hits, 0 errors, 0 left on base; Buffalo 1 - Hartford 4 |
| BOTTOM OF THE 6TH |
|
Hartford Whalers batting - Pitching for Buffalo Bisons : RHP Shawn Boskie
|
|
Pitching: RHP Andres Berumen
|
|
|
Batting: LHB Rod Myers
|
0-0: Ball 1-0: Ball 2-0: Ball 3-0: Called Strike 3-1: Ground out U3 (Groundball, 3, EV 93.1 MPH)
|
|
Batting: RHB Kevin Jordan
|
0-0: Ball 1-0: Called Strike 1-1: Ball 2-1: Ball 3-1: DOUBLE (Line Drive, 78D, EV 106.3 MPH)
|
|
Batting: RHB Ricky Gutierrez
|
0-0: Ball 1-0: Ball 2-0: Fly out, F3 (Popup, 3SF, EV 78.1 MPH)
|
|
Batting: RHB Mike Matheny
|
0-0: Called Strike 0-1: Ground out 6-3 (Groundball, 56, EV 90.0 MPH)
|
| Bottom of the 6th over - 0 runs, 1 hit, 0 errors, 1 left on base; Buffalo 1 - Hartford 4 |
| TOP OF THE 7TH |
|
Buffalo Bisons batting - Pitching for Hartford Whalers : RHP Mike Thurman
|
|
Batting: RHB Eddie Zambrano
|
0-0: Ball 1-0: Ball 2-0: Swinging Strike 2-1: SINGLE (Groundball, 56D, EV 108.8 MPH)
|
|
Batting: RHB Manny Martinez
|
0-0: Called Strike 0-1: Ball 1-1: Ball 2-1: Swinging Strike 2-2: SINGLE (Line Drive, 4D, EV 105.6 MPH) Eddie Zambrano to second
|
|
Batting: RHB Tim Spehr
|
0-0: Sac Bunt to 5S - play at first, batter OUT! 5-3 Eddie Zambrano to third Manny Martinez to second
|
|
Batting: SHB David Howard
|
0-0: Ball 1-0: DOUBLE (Line Drive, 7LS, EV 106.9 MPH) Eddie Zambrano scores Manny Martinez scores
|
|
Pinch Hitting: SHB Roger Cedeno
|
0-0: Ball 1-0: Ball 2-0: Called Strike 2-1: Ground out 1-3 (Groundball, 13, EV 69.4 MPH) David Howard to third
|
|
Batting: RHB James Mouton
|
0-0: Ball 1-0: Foul Ball, location: 2F 1-1: Ball 2-1: Foul Ball, location: 2F 2-2: DOUBLE (Groundball, 5L, EV 105.6 MPH) David Howard scores
|
|
Batting: SHB Enrique Wilson
|
0-0: Called Strike 0-1: Foul Ball, location: 2F 0-2: Ball 1-2: Foul Ball, location: 2F 1-2: Fly out, F7 (Line Drive, 7, EV 90.6 MPH)
|
| Top of the 7th over - 3 runs, 4 hits, 0 errors, 1 left on base; Buffalo 4 - Hartford 4 |
| BOTTOM OF THE 7TH |
|
Hartford Whalers batting - Pitching for Buffalo Bisons : RHP Andres Berumen
|
|
Now at 2B: Jay Canizaro
|
|
|
Batting: RHB Gary Disarcina
|
0-0: Ball 1-0: Foul Ball, location: 2F 1-1: Ball 2-1: Foul Ball, location: 2F 2-2: SINGLE (Groundball, 56D, EV 111.3 MPH)
|
|
Pitching: LHP Chris Peters
|
|
|
Batting: SHB Jason McDonald
|
0-0: Bunted foul 0-1: Bunt - Flyout to 23 - DP at third! 3-4
|
|
Batting: LHB Dave Hansen
|
0-0: Foul Ball, location: 2F 0-1: Ball 1-1: Ball 2-1: SINGLE (Groundball, 4D, EV 94.4 MPH)
|
|
Batting: RHB Alex Ochoa
|
0-0: Foul Ball, location: 2F 0-1: Called Strike 0-2: Strikes out swinging
|
| Bottom of the 7th over - 0 runs, 2 hits, 0 errors, 1 left on base; Buffalo 4 - Hartford 4 |
| TOP OF THE 8TH |
|
Buffalo Bisons batting - Pitching for Hartford Whalers : RHP Mike Thurman
|
|
Pitching: RHP Mark Petkovsek
|
|
|
Batting: LHB Matt Stairs
|
0-0: Called Strike 0-1: Called Strike 0-2: Strikes out looking
|
|
Batting: RHB Kevin Young
|
0-0: Called Strike 0-1: Foul Ball, location: 2F 0-2: Foul Ball, location: 2F 0-2: Foul Ball, location: 2F 0-2: Ground out 2-3 (Groundball, 2L, EV 68.1 MPH)
|
|
Batting: RHB Eddie Zambrano
|
0-0: Foul Ball, location: 2F 0-1: Called Strike 0-2: Ball 1-2: SINGLE (Groundball, 4MD, EV 95.0 MPH)
|
|
Batting: RHB Manny Martinez
|
0-0: Called Strike 0-1: DOUBLE (Line Drive, 9LM, EV 111.3 MPH) Eddie Zambrano to third
|
|
Batting: RHB Tim Spehr
|
0-0: Called Strike 0-1: Swinging Strike 0-2: Strikes out swinging
|
| Top of the 8th over - 0 runs, 2 hits, 0 errors, 2 left on base; Buffalo 4 - Hartford 4 |
| BOTTOM OF THE 8TH |
|
Hartford Whalers batting - Pitching for Buffalo Bisons : LHP Chris Peters
|
|
Batting: SHB Bobby Bonilla
|
0-0: Swinging Strike 0-1: Called Strike 0-2: Ball 1-2: Foul Ball, location: 2F 1-2: Strikes out swinging, 2-3 out at first.
|
|
Batting: LHB Rod Myers
|
0-0: Ball 1-0: Ball 2-0: Ball 3-0: Called Strike 3-1: Base on Balls
|
|
Pitching: RHP Mike Cook
|
|
|
Batting: RHB Kevin Jordan
|
0-0: Ball 1-0: Foul Ball, location: 2F 1-1: Grounds into double play, 1-6-3 (Groundball, 13S, EV 68.8 MPH)
|
| Bottom of the 8th over - 0 runs, 0 hits, 0 errors, 0 left on base; Buffalo 4 - Hartford 4 |
| TOP OF THE 9TH |
|
Buffalo Bisons batting - Pitching for Hartford Whalers : RHP Mark Petkovsek
|
|
Batting: SHB David Howard
|
0-0: Foul Ball, location: 2F 0-1: Fly out, F7 (Flyball, 7, EV 78.8 MPH)
|
|
Batting: RHB Jay Canizaro
|
0-0: Fly out, F9 (Flyball, 89S, EV 79.4 MPH)
|
|
Batting: RHB James Mouton
|
0-0: Called Strike 0-1: Ball 1-1: Called Strike 1-2: Ball 2-2: Ball 3-2: Ground out 1-3 (Groundball, P, EV 85.0 MPH)
|
| Top of the 9th over - 0 runs, 0 hits, 0 errors, 0 left on base; Buffalo 4 - Hartford 4 |
| BOTTOM OF THE 9TH |
|
Hartford Whalers batting - Pitching for Buffalo Bisons : RHP Mike Cook
|
|
Batting: RHB Ricky Gutierrez
|
0-0: Ball 1-0: Called Strike 1-1: Foul Ball, location: 2F 1-2: Foul Ball, location: 2F 1-2: Fly out, F9 (Flyball, 9LD, EV 98.1 MPH)
|
|
Pinch Hitting: SHB Felipe Crespo
|
0-0: Ball 1-0: Ball 2-0: Ball 3-0: Called Strike 3-1: Called Strike 3-2: Foul Ball, location: 2F 3-2: Foul Ball, location: 2F 3-2: Strikes out swinging
|
|
Pinch Hitting: LHB Todd Dunwoody
|
0-0: Ball 1-0: Called Strike 1-1: Ball 2-1: Foul Ball, location: 2F 2-2: Strikes out looking
|
| Bottom of the 9th over - 0 runs, 0 hits, 0 errors, 0 left on base; Buffalo 4 - Hartford 4 |
| TOP OF THE 10TH |
|
Buffalo Bisons batting - Pitching for Hartford Whalers : RHP Mark Petkovsek
|
|
Pitching: RHP Cory Lidle
|
|
|
Now at C: Robert Machado
|
|
|
Now at SS: Carter Haney
|
|
|
Batting: SHB Enrique Wilson
|
0-0: Called Strike 0-1: Foul Ball, location: 2F 0-2: Ball 1-2: Ball 2-2: Strikes out looking
|
|
Batting: LHB Matt Stairs
|
0-0: Ball 1-0: Ball 2-0: Fly out, F9 (Flyball, 89D, EV 88.1 MPH)
|
|
Batting: RHB Kevin Young
|
0-0: Foul Ball, location: 2F 0-1: Called Strike 0-2: Ground out 6-3 (Groundball, 6, EV 78.8 MPH)
|
| Top of the 10th over - 0 runs, 0 hits, 0 errors, 0 left on base; Buffalo 4 - Hartford 4 |
| BOTTOM OF THE 10TH |
|
Hartford Whalers batting - Pitching for Buffalo Bisons : RHP Mike Cook
|
|
Pitching: LHP Tim Fortugno
|
|
|
Batting: SHB Jason McDonald
|
0-0: Called Strike 0-1: Ball 1-1: DOUBLE (Line Drive, 78D, EV 107.5 MPH)
|
|
Batting: LHB Dave Hansen
|
0-0: Ball 1-0: Foul Ball, location: 2F 1-1: Ball 2-1: Foul Ball, location: 2F 2-2: Strikes out swinging
|
|
Batting: RHB Alex Ochoa
|
0-0: Called Strike 0-1: Foul Ball, location: 2F 0-2: Foul Ball, location: 2F 0-2: Ball 1-2: Fly out, F2 (Popup, 3SF, EV 73.1 MPH)
|
|
Batting: SHB Bobby Bonilla
|
0-0: Intentional Walk
|
|
Batting: LHB Rod Myers
|
0-0: Called Strike 0-1: Foul Ball, location: 2F 0-2: Ball 1-2: Foul Ball, location: 2F 1-2: Fly out, F8 (Flyball, 8RD, EV 105.0 MPH)
|
| Bottom of the 10th over - 0 runs, 1 hit, 0 errors, 2 left on base; Buffalo 4 - Hartford 4 |
| TOP OF THE 11TH |
|
Buffalo Bisons batting - Pitching for Hartford Whalers : RHP Cory Lidle
|
|
Batting: RHB Eddie Zambrano
|
0-0: Ball 1-0: Foul Ball, location: 2F 1-1: Ball 2-1: Ball 3-1: Called Strike 3-2: Ground out 3-1 (Groundball, 34, EV 80.6 MPH)
|
|
Batting: RHB Manny Martinez
|
0-0: Ball 1-0: Called Strike 1-1: Foul Ball, location: 2F 1-2: Foul Ball, location: 2F 1-2: Foul Ball, location: 2F 1-2: Ball 2-2: Ball 3-2: SINGLE (Line Drive, 4MD, EV 95.0 MPH)
|
|
Pitching: RHP Brad Cornett
|
|
|
Batting: RHB Tim Spehr
|
0-0: Called Strike 0-1: Ball Wild Pitch! Manny Martinez to second 1-1: Intentional Walk
|
|
Batting: SHB David Howard
|
0-0: Ball 1-0: Ball 2-0: Ball Manny Martinez steals 3rd base 3-0: Called Strike 3-1: DOUBLE (Groundball, 5L, EV 101.9 MPH) Manny Martinez scores Tim Spehr to third
|
|
Batting: RHB Jay Canizaro
|
0-0: Called Strike 0-1: Called Strike 0-2: Ball 1-2: TRIPLE (Flyball, 78XD, EV 96.9 MPH) Tim Spehr scores David Howard scores
|
|
Pitching: RHP Rich Batchelor
|
|
|
Batting: RHB James Mouton
|
0-0: Ball 1-0: Called Strike 1-1: Ball 2-1: Foul Ball, location: 2F 2-2: Fly out, F9 (Flyball, 9D, EV 91.9 MPH) Runner from 3rd tags up, SCORES, throw by RF
|
|
Batting: SHB Enrique Wilson
|
0-0: Ball 1-0: Foul Ball, location: 2F 1-1: Ball 2-1: Fly out, F8 (Flyball, 8LD, EV 107.5 MPH)
|
| Top of the 11th over - 4 runs, 3 hits, 0 errors, 0 left on base; Buffalo 8 - Hartford 4 |
| BOTTOM OF THE 11TH |
|
Hartford Whalers batting - Pitching for Buffalo Bisons : LHP Tim Fortugno
|
|
Pitching: RHP John H. Doherty
|
|
|
Batting: RHB Kevin Jordan
|
0-0: Ball 1-0: SINGLE (Groundball, 56D, EV 106.3 MPH)
|
|
Batting: RHB Ricky Gutierrez
|
0-0: Ball 1-0: Ball 2-0: Ball 3-0: Called Strike 3-1: Ground out U3 (Groundball, 34S, EV 74.4 MPH) Kevin Jordan to second
|
|
Batting: RHB Carter Haney
|
0-0: Foul Ball, location: 2F 0-1: Swinging Strike 0-2: Ball 1-2: Ball 2-2: Strikes out looking
|
|
Batting: RHB Robert Machado
|
0-0: Ball 1-0: Swinging Strike 1-1: SINGLE (Groundball, 4D, EV 94.4 MPH) Kevin Jordan to third
|
|
Batting: SHB Jason McDonald
|
0-0: Ball 1-0: Foul Ball, location: 2F 1-1: Ball 2-1: Foul Ball, location: 2F 2-2: Foul Ball, location: 2F 2-2: Foul Ball, location: 2F 2-2: DOUBLE (Groundball, 3L, EV 107.5 MPH) Kevin Jordan scores Robert Machado to third
|
|
Batting: LHB Dave Hansen
|
0-0: Ball 1-0: Ball 2-0: Called Strike 2-1: Foul Ball, location: 2F 2-2: SINGLE (Groundball, 4MD, EV 96.9 MPH) Robert Machado scores Jason McDonald to third
|
|
Batting: RHB Alex Ochoa
|
0-0: Ball 1-0: Ball 2-0: Called Strike 2-1: Swinging Strike 2-2: Ball 3-2: Foul Ball, location: 2F 3-2: Fly out, F8 (Flyball, 8LXD, EV 100.6 MPH)
|
| Bottom of the 11th over - 2 runs, 4 hits, 0 errors, 2 left on base; Buffalo 8 - Hartford 6 |
|